 Dungeon Crawl Stone Soup version 0.29.0-13-gc9e81de378 (webtiles) character file.

Game seed: 4655491452834673093

20281 Querens the Thaumaturge (level 12, -9/72 HPs)
             Began as a Deep Elf Conjurer on Sept 10, 2022.
             Was an Elder of Vehumet.
             Killed by the air
             ... invoked by Gastronok
              (42 damage)
             ... on level 8 of the Dungeon.
             The game lasted 00:31:50 (4390 turns).

Querens the Thaumaturge (Deep Elf Conjurer)         Turns: 4390, Time: 00:31:51

Health: -9/72      AC:  6    Str:  4    XL:     12   Next: 44%
Magic:  15/29      EV: 11    Int: 29    God:    Vehumet [****..]
Gold:   548        SH: 11    Dex: 13    Spells: 17/34 levels left

rFire   + . .      SeeInvis .   y - staff of conjuration
rCold   . . .      Faith    .   J - +1 kite shield {AC+3}
rNeg    . . .      Spirit   .   a - +0 robe
rPois   .          Reflect  .   m - +0 helmet
rElec   .          Harm     .   (no cloak)
rCorr   .          Rampage  .   (no gloves)
Will    +....                   (no boots)
Stlth   ++........              (no amulet)
HPRegen 0.22/turn               g - ring of wizardry
MPRegen 0.21/turn               p - ring of protection from fire

@: no status effects
A: no striking features
a: Renounce Religion


You were on level 8 of the Dungeon.
You worshipped Vehumet.
Vehumet was greatly pleased with you.
You visited 2 branches of the dungeon, and saw 9 of its levels.
You also visited: Ossuary and Bailey.

You collected 548 gold pieces.

Inventory:

Hand Weapons
 E - a +1 dagger of venom
 H - a +5 scimitar
Missiles
 x - a throwing net
Armour
 a - a +0 robe (worn)
 i - a +0 tower shield
 m - a +0 helmet (worn)
 J - a +1 kite shield of protection (worn)
Magical Staves
 y - a staff of conjuration (weapon)
Jewellery
 g - a ring of wizardry (left hand)
 p - a ring of protection from fire (right hand)
 r - a ring of ice
 v - a +6 ring of strength
Wands
 D - a wand of polymorph (10)
 L - a wand of flame (23)
Scrolls
 d - 5 scrolls of enchant weapon
 e - a scroll of poison
 h - 3 scrolls of fear
 l - 2 scrolls of immolation
 o - 2 scrolls of butterflies
 s - 2 scrolls of brand weapon
 t - 2 scrolls of amnesia
 u - a scroll of torment {unknown}
 w - 8 scrolls of teleportation
 z - a scroll of magic mapping {unknown}
 A - 2 scrolls of enchant armour
 C - a scroll of blinking {unknown}
Potions
 b - 2 potions of magic
 c - 2 potions of flight
 f - 5 potions of curing
 j - 3 potions of attraction {unknown}
 k - 4 potions of heal wounds
 n - 2 potions of cancellation {unknown}
 q - 3 potions of mutation {unknown}
 B - 3 potions of brilliance {unknown}
 F - 4 potions of invisibility {unknown}
 G - a potion of lignification {unknown}
 I - a potion of might {unknown}
 N - a potion of resistance {unknown}


   Skills:
 - Level 7.4 Fighting
 - Level 2.4 Dodging
 - Level 2.4 Stealth
 + Level 8.5 Shields
 + Level 11.8 Spellcasting
 + Level 10.5 Conjurations
 + Level 9.1 Translocations


You had 17 spell levels left.
You knew the following spells:

 Your Spells              Type           Power      Damage    Failure   Level
a - Magic Dart            Conj           100%       1d8       1%          1
b - Searing Ray           Conj           100%       2d8       1%          2
c - Apportation           Tloc           100%       N/A       1%          1
d - Iskenderun's Mystic   Conj/Tloc      84%        2d17      1%          4
e - Fulminant Prism       Conj/Hex       32%        3d16      1%          4
f - Iskenderun's Battles  Conj           87%        2d13      1%          5

Your spell library contained the following spells:

 Spells                   Type           Power      Damage    Failure   Level
 Yara's Violent Unravell  Hex/Tmut       8%         3d5       22%         5
 Foxfire                  Conj/Fire      100%       2x1d9     1%          1
 Scorch                   Fire           34%        2d7       1%          2
 Conjure Flame            Conj/Fire      64%        6-21      1%          3
 Dazzling Flash           Conj/Hex       100%       N/A       1%          3
 Gell's Gravitas          Tloc           63%        N/A       1%          3
 Lesser Beckoning         Tloc           63%        N/A       1%          3
 Portal Projectile        Hex/Tloc       86%        N/A       1%          3
 Teleport Other           Tloc           63%        N/A       1%          3
 Flame Wave               Conj/Fire      64%        2d15      1%          4
 Inner Flame              Hex/Fire       17%        N/A       2%          3
 Necrotise                Necr           68%        1d7       3%          1
 Summon Small Mammal      Summ           68%        N/A       3%          1
 Fireball                 Conj/Fire      32%        3d14      3%          5
 Ensorcelled Hibernation  Hex/Ice        34%        N/A       4%          2
 Passwall                 Tmut/Erth      14%        N/A       4%          2
 Call Canine Familiar     Summ           17%        N/A       9%          3
 Spider Form              Tmut/Pois      17%        N/A       9%          3
 Swiftness                Air            17%        N/A       9%          3
 Orb of Destruction       Conj           43%        9d12      10%         7
 Conjure Ball Lightning   Conj/Air       32%        3x3d10    14%         6
 Anguish                  Hex/Necr       8%         N/A       28%         4
 Cause Fear               Hex            8%         N/A       28%         4
 Leda's Liquefaction      Hex/Erth       8%         N/A       28%         4
 Summon Cactus Giant      Summ           8%         N/A       98%         6
 Discord                  Hex            8%         N/A       100%        8


Dungeon Overview and Level Annotations

Branches:
Dungeon (8/15)             Temple (1/1) D:4         Ossuary (visited)
 Bailey (visited)
   Lair: D:8-11

Altars:
Ashenzari
Cheibriados
Dithmenos
Elyvilon
Fedhas
Gozag
Kikubaaqudgha
Makhleb
Nemelex Xobeh
Ru
Sif Muna
Vehumet
Xom

Annotations:
D:8 Gastronok


Message History

The orc hits you with a +0 short sword. The orc barely misses you.
Casting: Iskenderun's Mystic Blast (safe; 1% risk of failure)
Confirm with . or Enter, or press ? or * to list all spells.
Okay, then.
Casting: Iskenderun's Mystic Blast (safe; 1% risk of failure)
Confirm with . or Enter, or press ? or * to list all spells.
Aiming: Searing Ray (safe; 1% risk of failure)
Press: ? - help, Shift-Dir - straight line, f - Gastronok
Aim: Gastronok, wearing a +2 hat of intelligence (100% to hit)
Okay, then.
Gastronok's eyestalks quiver as he mumbles some strange words.
Gastronok puts on a burst of speed!
Casting: Searing Ray (safe; 1% risk of failure)
Confirm with . or Enter, or press ? or * to list all spells.
Aiming: Searing Ray (safe; 1% risk of failure)
Press: ? - help, Shift-Dir - straight line, f - orc
Aim: an orc, wielding a +0 short sword (lightly wounded, 83% to hit)
You feel a surge of power!
The searing ray hits the orc!
You kill the orc!
Vehumet accepts your kill. (Press . to maintain the ray.) Unknown command.
Your battlesphere fires!
The barrage of energy hits Gastronok!
Gastronok is lightly wounded.
Gastronok waves his eye-stalks in wide circles.
The air twists around and strikes you!!
Unknown command.
Unknown command.
Your battlesphere fires!
The barrage of energy hits Gastronok!
Gastronok is lightly wounded.
Your battlesphere expends the last of its energy and dissipates.
Unknown command.
Unknown command.
You finish channelling your searing ray.
Gastronok waves his eye-stalks in wide circles.
The air twists around and strikes you!!!
Ouch! That really hurt!
You die...

#.#
#######.######
.............#
#######.####.#
# #.####.# .#
##.#....##..##.
#........).)...
#..#...☼##.....
#....@)....w...
#.#.....†......
# #...........
##....##....
...... ....
......## ...
#####..# .. ..#


You could see Gastronok (swift).

Vanquished Creatures
  An orc warlord (Bailey)
  An orc knight (Bailey)
  Sigmund (D:4)
  2 steam dragons
  A water moccasin (D:6)
  7 orc warriors (Bailey)
  2 ice beasts
  3 black bears
  A sky beast (D:7)
  An ogre (D:6)
  A centaur (D:7)
  A phantom (D:5)
  3 bullfrogs
  5 scorpions
  9 wights (D:6)
  14 killer bees
  A centaur zombie (Ossuary)
  2 human zombies (Ossuary)
  5 jellies
  2 hounds
  An orc priest (D:4)
  2 gnoll boudas
  An iguana (D:6)
  7 orc wizards
  4 mummies (Ossuary)
  Robin (D:2)
  29 gnolls
  7 adders
  2 shadow imps
  A white imp (D:6)
  An ufetubus (D:5)
  3 dart slugs
  33 orcs
  5 ball pythons
  6 bats
  7 endoplasms
  4 giant cockroaches
  30 goblins
  23 hobgoblins
  A quokka (D:5)
  3 frilled lizards
  A goblin zombie (Ossuary)
  A hobgoblin zombie (Ossuary)
  6 kobolds
  2 kobold zombies (Ossuary)
  An orc zombie (Ossuary)
  5 rats
250 creatures vanquished.

Notes
Turn   | Place    | Note
-------+----------+-------------------------------------------
     0 | D:1      | Querens the Deep Elf Conjurer began the quest for the Orb.
     0 | D:1      | Reached XP level 1. HP: 10/10 MP: 6/6
    71 | D:1      | Found a faded altar of an unknown god.
   122 | D:1      | Reached XP level 2. HP: 15/15 MP: 1/8
   127 | D:1      | Learned a level 2 spell: Searing Ray
   432 | D:1      | Reached skill level 4 in Spellcasting
   539 | D:1      | Reached XP level 3. HP: 14/19 MP: 7/10
   556 | D:1      | Learned a level 1 spell: Apportation
   583 | D:2      | Noticed Robin
   587 | D:2      | Reached skill level 5 in Conjurations
   638 | D:2      | Killed Robin
  1052 | D:2      | Reached XP level 4. HP: 24/24 MP: 9/12
  1121 | D:2      | Learned a level 4 spell: Iskenderun's Mystic Blast
  1126 | D:2      | Learned a level 4 spell: Fulminant Prism
  1594 | D:3      | Reached skill level 5 in Spellcasting
  1594 | D:3      | Reached skill level 1 in Translocations
  1623 | D:3      | Reached XP level 5. HP: 3/28 MP: 5/14
  1964 | D:4      | Found a staircase to the Ecumenical Temple.
  1974 | D:4      | Noticed an ice beast
  1979 | D:4      | Identified a scroll of acquirement
  1984 | D:4      | Killed an ice beast
  1985 | D:4      | Reached XP level 6. HP: 28/32 MP: 3/16
  1994 | Temple   | Entered the Ecumenical Temple
  2029 | Temple   | Became a worshipper of Vehumet
  2072 | D:4      | Acquired a book of the Spheres
  2138 | D:4      | Reached skill level 6 in Spellcasting
  2264 | D:4      | Noticed Sigmund
  2281 | D:4      | Found a sand-covered staircase.
  2287 | Ossuary  | Entered an ossuary
  2433 | Ossuary  | Reached * piety under Vehumet
  2433 | Ossuary  | Offered knowledge of Sandblast by Vehumet.
  2442 | Ossuary  | Learned a level 5 spell: Iskenderun's Battlesphere
  2473 | Ossuary  | Reached XP level 7. HP: 28/36 MP: 7/19
  2550 | D:4      | Killed Sigmund
  2551 | D:4      | Reached skill level 7 in Spellcasting
  2685 | D:5      | Entered Level 5 of the Dungeon
  2757 | D:5      | Reached skill level 5 in Translocations
  2767 | D:5      | Reached skill level 8 in Spellcasting
  2767 | D:5      | Reached XP level 8. HP: 35/41 MP: 3/22
  2880 | D:5      | Found a blossoming altar of Fedhas.
  3140 | D:6      | Reached skill level 9 in Spellcasting
  3234 | D:6      | Offered knowledge of Poisonous Vapours by Vehumet.
  3250 | D:6      | Found a shadowy altar of Dithmenos.
  3255 | D:6      | Found a sacrificial altar of Ru.
  3256 | D:6      | Found a burning altar of Makhleb.
  3256 | D:6      | Found an ancient bone altar of Kikubaaqudgha.
  3257 | D:6      | Found a sparkling altar of Nemelex Xobeh.
  3259 | D:6      | Found a broken altar of Ashenzari.
  3326 | D:6      | Reached ** piety under Vehumet
  3415 | D:6      | Reached XP level 9. HP: 28/45 MP: 12/24
  3570 | D:6      | Reached skill level 10 in Spellcasting
  3586 | D:6      | Found a white marble altar of Elyvilon.
  3692 | D:7      | Reached skill level 1 in Shields
  3731 | D:7      | Found a flagged portal.
  3736 | D:7      | Offered knowledge of Ignite Poison by Vehumet.
  3873 | Bailey   | Entered a bailey
  3892 | Bailey   | Reached *** piety under Vehumet
  3899 | Bailey   | Noticed an orc knight
  3910 | Bailey   | Killed an orc knight
  3911 | Bailey   | Reached skill level 11 in Spellcasting
  3911 | Bailey   | Reached skill level 10 in Conjurations
  3942 | Bailey   | Reached XP level 10. HP: 39/50 MP: 21/27
  3961 | Bailey   | Offered knowledge of Mephitic Cloud by Vehumet.
  4018 | Bailey   | Reached **** piety under Vehumet
  4056 | Bailey   | Noticed an orc warlord
  4144 | Bailey   | Offered knowledge of Yara's Violent Unravelling by Vehumet.
  4155 | Bailey   | Killed an orc warlord
  4196 | Bailey   | Reached skill level 5 in Fighting
  4196 | Bailey   | Reached XP level 11. HP: 64/64 MP: 17/28
  4197 | Bailey   | Reached XP level 12. HP: 72/72 MP: 17/29
  4380 | D:8      | Noticed Gastronok
  4390 | D:8      | Killed from afar by Gastronok

Illustrated notes

Levels and vault maps discovered:
D:1:      ncdulo_halloftheorcs, layout_basic, basic_ecumenical_altar,
          st_stairs_11, nicolae_concentric_dashed_squares_mild
D:2:      layout_loops_corners, uniq_robin
D:3:      layout_loops_ring
D:4:      layout_cave_pools, minmay_temple_entry_mist, enter_ossuary_2,
          uniq_sigmund
D:5:      layout_rooms, mainiacjoe_overflow_catwalk, serial_curves,
          eino_curves_01, eino_curves_01, eino_tiny_chamber
D:6:      layout_loops_ring, minitemple, mainiacjoe_overflow_24_doors
D:7:      layout_cave_pools, serial_glass, glass_columns_b, glass_columns_b,
          enter_bailey_5
D:8:      layout_loops_cross, lair_entry_dummy, uniq_gastronok
Temple:   hc_temple_tempest_star

Skill      XL: |  1  2  3  4  5  6  7  8  9 10 11 |
---------------+----------------------------------+-----
Spellcasting   | 4 5 6 8 9 11 | 11.8
Conjurations   | 5 6 7 8 10 | 10.5
Translocations | 1 2 3 5 6 8 9 |  9.1
Shields        | 2 6 8 |  8.5
Fighting       | 5 7 |  7.4
Dodging        | |  2.4
Stealth        | |  2.4

Action                   |  1- 3 |  4- 6 |  7- 9 | 10-12 || total
-------------------------+-------+-------+-------+-------++-------
Melee: Unarmed           |     3 |       |       |       ||     3
       Hand axe          |    12 |     2 |       |       ||    14
       Staff             |       |    20 |    40 |     7 ||    67
       Punch             |       |       |     2 |       ||     2
 Cast: Magic Dart        |    31 |    11 |    22 |     4 ||    68
       Searing Ray       |    10 |    30 |    37 |     8 ||    85
       Iskenderun's Myst |       |     1 |    17 |    15 ||    33
       Iskenderun's Batt |       |       |     9 |     6 ||    15
       Apportation       |       |       |     2 |     1 ||     3
  Use: Scroll            |       |    12 |     1 |     2 ||    15
       Potion            |       |       |       |     2 ||     2
 Stab: Sleeping          |       |     1 |       |       ||     1
Armor: Robe              |    23 |    15 |    15 |     2 ||    55
Dodge: Dodged            |    45 |    21 |    55 |    11 ||   132
Block: Kite shield       |       |       |    20 |    12 ||    32
